 Dungeon Crawl Stone Soup version 0.28-a0-556-gab23d0e057 (webtiles) character file.

Game seed: 9084128851713775773

70312 siradein the Pandemonic (level 15, -12/107 HPs)
             Began as a Hill Orc Fighter on Sept 29, 2021.
             Was a High Priest of Makhleb.
             Mangled by a spatial maelstrom (13 damage)
             ... on level 2 of the Abyss.
             The game lasted 01:19:30 (24988 turns).

siradein the Pandemonic (Hill Orc Fighter)         Turns: 24988, Time: 01:19:31

Health: -12/107    AC: 19    Str: 24    XL:     15   Next: 32%
Magic:  0/22       EV: 10    Int:  8    God:    Makhleb [*****.]
Gold:   2012       SH: 11    Dex:  8    Spells: 14/14 levels left

rFire   . . .      SeeInvis .   F - +4 scimitar (freeze)
rCold   . . .      Faith    .   m - +0 kite shield
rNeg    . . .      Spirit   +   H - +4 moon troll leather armour {Spirit, Regen++ MP+5}
rPois   .          Reflect  .   J - +1 hat
rElec   .          Harm     .   M - scarf {repulsion}
rCorr   .          Rampage  .   x - +2 pair of gloves
Will    +....      Rage     3%  h - +1 pair of boots
Stlth   +.........              R - amulet of regeneration
HPRegen 0.00/turn               L - +4 ring of protection
MPRegen 0.18/turn               A - +4 ring of slaying

@: about to teleport, diseased, studying Conjurations, repel missiles
A: [berserk 2], [clumsy 2], [deformed body], [frail 2], [low mp 3], [subdued
magic 2]
a: Renounce Religion, Minor Destruction, Lesser Servant of Makhleb, Major
Destruction, Greater Servant of Makhleb


You were on level 2 of the Abyss.
You worshipped Makhleb.
Makhleb was extremely pleased with you.
You visited 4 branches of the dungeon, and saw 20 of its levels.
You visited the Abyss 1 time.

You collected 2012 gold pieces.

Inventory:

Hand Weapons
 F - a +4 scimitar of freezing (weapon)
 I - a +1 scimitar of flaming
Missiles
 b - 4 curare-tipped darts
 q - 62 poisoned darts (quivered)
 C - 11 boomerangs
 S - 2 atropa-tipped darts
Armour
 h - a +1 pair of boots (worn)
 m - a +0 kite shield (worn)
 x - a +2 pair of gloves (worn)
 H - the +4 moon troll leather armour (worn) {Spirit, Regen++ MP+5}
   (You found it on level 1 of the Lair of Beasts)

   MP:        It affects your magic capacity (+5).
   Regen:     It increases your rate of health regeneration.
 J - a +1 hat (worn)
 M - a scarf of repulsion (worn)
Jewellery
 u - the ring "Tolec" {rF+ rN++ Dex+5 Stlth-}
   (You found it on level 1 of the Lair of Beasts)

   [ring of protection from fire]

   Dex:       It affects your dexterity (+5).
   rF:        It protects you from fire.
   rN:        It greatly protects you from negative energy.
   Stlth:     It makes you less stealthy.
 w - a ring of see invisible
 A - a +4 ring of slaying (right hand)
 L - a +4 ring of protection (left hand)
 R - an amulet of regeneration (around neck)
 Y - a ring of protection from fire
Wands
 a - a wand of mindburst (47)
 e - a wand of acid (8)
 i - a wand of flame (52)
 s - a wand of iceblast (24)
 t - a wand of paralysis (23)
 P - a wand of charming (12)
 V - a wand of polymorph (13)
Scrolls
 j - 4 scrolls of immolation
 k - 3 scrolls of fear {unknown}
 l - 2 scrolls of enchant armour {unknown}
 r - 9 scrolls of teleportation
 y - a scroll of summoning {unknown}
 D - 2 scrolls of blinking {unknown}
 E - 4 scrolls of amnesia
 G - 3 scrolls of silence
 K - a scroll of magic mapping
 U - a scroll of vulnerability {unknown}
 Z - a scroll of fog {unknown}
Potions
 d - 2 potions of might
 f - 7 potions of curing
 g - 3 potions of berserk rage
 n - 8 potions of brilliance
 o - 3 potions of heal wounds
 p - 3 potions of haste
 v - 3 potions of resistance
 z - 2 potions of flight
 B - 3 potions of lignification
 N - 2 potions of attraction
 O - 2 potions of ambrosia {unknown}
 T - 4 potions of cancellation {unknown}
 X - a potion of mutation {unknown}
Miscellaneous
 c - a condenser vane
 Q - a piece from Xom's chessboard (15/15)
 W - a phantom mirror


   Skills:
 + Level 12.9 Fighting
 + Level 11.6 Long Blades
 + Level 9.4 Throwing
 + Level 12.0 Armour
 + Level 11.9 Shields
 + Level 13.4 Invocations
 + Level 9.8 Evocations


You had 14 spell levels left.
You didn't know any spells.
Your spell library contained the following spells:

 Spells                   Type           Power      Damage    Failure   Level
 Sandblast                Erth           0%         2d4       50%         1
 Summon Small Mammal      Summ           0%         N/A       50%         1
 Passwall                 Tmut/Erth      0%         N/A       65%         2
 Call Canine Familiar     Summ           0%         N/A       87%         3
 Dazzling Flash           Conj/Hex       0%         N/A       87%         3
 Ignite Poison            Fire/Tmut/Pois 0%         N/A       87%         3
 Mephitic Cloud           Conj/Pois/Air  0%         N/A       87%         3
 Ozocubu's Armour         Ice            0%         N/A       87%         3
 Stone Arrow              Conj/Erth      0%         3d7       87%         3
 Summon Guardian Golem    Hex/Summ       0%         N/A       87%         3
 Vampiric Draining        Necr           0%         2d6       87%         3
 Animate Armour           Summ/Erth      0%         N/A       99%         4
 Iskenderun's Mystic Bla  Conj/Tloc      0%         2d3       99%         4
 Agony                    Necr           0%         N/A       100%        5
 Blade Hands              Tmut           0%         N/A       100%        5
 Freezing Cloud           Conj/Ice/Air   0%         6-21      100%        5
 Irradiate                Conj/Tmut      0%         3d14      100%        5
 Lee's Rapid Deconstruct  Erth           0%         3d5*      100%        5
 Silence                  Hex/Air        0%         N/A       100%        5
 Iron Shot                Conj/Erth      0%         9d1       100%        6
 Starburst                Conj/Fire      0%         6d3       100%        6
 Dragon Form              Tmut           0%         N/A       100%        7
 Haunt                    Necr/Summ      0%         N/A       100%        7
 Ozocubu's Refrigeration  Ice            0%         4d5       100%        7
 Borgnjor's Revivificati  Necr           0%         N/A       100%        8
 Lehudib's Crystal Spear  Conj/Erth      0%         10d2      100%        8
 Shatter                  Erth           0%         3d5*      100%        9


Dungeon Overview and Level Annotations

Branches:
Dungeon (11/15)            Temple (1/1) D:4            Lair (6/6) D:11
 Shoals (0/4) Lair:2       Spider (0/4) Lair:2        Slime (0/5) Lair:5
    Orc (2/2) D:11            Elf (0/3) Orc:2

Altars:
Cheibriados
Dithmenos
Elyvilon
Fedhas
Gozag
Hepliaklqana
Kikubaaqudgha
Makhleb
Nemelex Xobeh
Okawaru
Qazlal
Ru
Trog
Wu Jian
Yredelemnul
The Shining One
Beogh
Jiyva

Shops:
D:4 *   D:7 *   D:9 (   Orc:2 :=

Annotations:
Lair:5 3 runed translucent doors, Ziry's ghost, journeyman DgIE
Orc:2 Erolcha


Innate Abilities, Weirdness & Mutations

[You often lose your temper in combat.]
[You are very clumsy. (Dex -4)]
[Armour fits poorly on your strangely shaped body.]
[You are very frail. (-20% HP)]
[Your magical capacity is extremely low. (-30% MP)]
[Your spells are easier to cast, but less powerful.]


Message History

A spatial vortex comes into view.
The spatial vortex hits you but does no damage.
A spatial vortex comes into view. x2
You slice the spatial vortex!! You freeze the spatial vortex.
The spatial vortex is moderately damaged.
A spatial vortex comes into view.
The spatial maelstrom hits you but does no damage.
You block the spatial maelstrom's attack.
A spatial vortex comes into view.
The spatial maelstrom barely misses you.
The spatial maelstrom hits you! Space warps horribly around you!!
* * * LOW HITPOINT WARNING * * *
As you read the scroll of teleportation, it crumbles to dust.
You feel strangely unstable.
You feel the power of the Abyss delaying your translocation!
A spatial vortex comes into view.
The spatial maelstrom hits you but does no damage.
You block the spatial maelstrom's attack.
The spatial vortex moves out of view. 2 spatial vortices come into view.
The spatial maelstrom hits you.
* * * LOW HITPOINT WARNING * * *
Space warps horribly around you!
* * * LOW HITPOINT WARNING * * *
You block the spatial maelstrom's attack.
A spatial vortex comes into view.
The spatial maelstrom hits you.
* * * LOW HITPOINT WARNING * * *
Space warps horribly around you!
* * * LOW HITPOINT WARNING * * *
You block the spatial maelstrom's attack.
The large abomination barely misses you.
A spatial vortex comes into view. 2 spatial vortices come into view.
You block the spatial maelstrom's attack. x2
You block the spatial maelstrom's attack. x2
The spatial maelstrom hits you.
* * * LOW HITPOINT WARNING * * *
Space warps horribly around you!
You die...

.....#.....#.
.# .#. ..#
#...##.#.#.##
.... # .
#..#.#.###..
... .. #
#.##.#..###
#...# .
###........#.
....##
#..###..##..
.# ..#
##vX.#..###..
### ##.v###.
.### #.#@#
##.. # #####
#.. ### ###


You could see a spatial maelstrom, a spatial vortex and a large abomination.

Vanquished Creatures
  Saint Roka (Orc:1)
  Kirke (Lair:6)
  A yellow draconian (Abyss:2)
  An ice dragon (Lair:1)
  3 hydras
  A catoblepas (Lair:5)
  4 two-headed ogres
  The ghost of Squid the Basher, a novice MiBe of Trog (D:9)
  9 death yaks (Lair:4)
  A thrashing horror (Abyss:2)
  An orc high priest (Orc:2)
  Nergalle (Lair:4)
  3 wretched stars (Abyss:2)
  A sixfirhy (Abyss:2)
  2 goliath frogs (Lair:6)
  Pikel (D:3)
  A lindwurm (Lair:6)
  A wolf spider zombie (D:10)
  2 orc sorcerers (Orc:2)
  A manticore (D:10)
  An iron dragon zombie (Abyss:2)
  6 oklob plants
  A cyclops (Orc:1)
  A merfolk siren (Lair:2)
  4 black mambas
  An eye of devastation (Lair:5)
  19 cane toads
  11 komodo dragons
  5 rime drakes
  An efreet (Abyss:2)
  2 hellwings (D:10)
  An ancient zyme (Abyss:2)
  5 trolls
  2 polar bears
  A jumping spider (Lair:2)
  A harpy zombie (D:10)
  2 tyrant leeches (Lair:6)
  12 blink frogs
  7 dream sheep
  A meliai zombie (D:10)
  A ynoxinul (D:9)
  A spriggan (Lair:6)
  4 wyverns
  A wraith (D:11)
  36 yaks
  A steam dragon (D:6)
  3 basilisks
  A hog (Lair:6)
  5 vampire mosquitoes
  3 wargs
  Edmund (D:5)
  18 water moccasins
  A floating eye (Lair:5)
  A sky beast (D:5)
  25 orc warriors
  7 black bears (Lair:2)
  A necrophage (D:5)
  6 wolves (Lair:5)
  6 ogres
  11 centaurs
  2 phantoms
  The ghost of jasper the Stinger, an amateur DsVM (D:3)
  4 kobold brigands
  12 bullfrogs
  A gnoll sergeant (D:9)
  3 scorpions
  A water moccasin zombie (D:6)
  2 water moccasin skeletons
  11 killer bees
  An electric eel (Lair:6)
  14 wights
  3 howler monkeys
  8 centaur zombies
  A bullfrog zombie (D:7)
  15 orc priests
  6 hounds
  3 jellies
  An iron imp (Abyss:2)
  2 centaur skeletons
  4 iguanas (D:5)
  8 orc wizards
  Terence (D:2)
  2 small abominations (Abyss:2)
  A hound skeleton (D:4)
  A howler monkey zombie (D:6)
  5 adders
  8 gnolls
  4 shadow imps (D:10)
  A white imp (Abyss:2)
  3 ufetubi
  An adder skeleton (D:3)
  3 worms
  66 orcs
  10 ball pythons
  4 endoplasms
  5 giant cockroaches
  7 goblins
  9 hobgoblins
  2 quokkas (D:2)
  7 bats
  4 frilled lizards
  22 kobolds
  10 rats
533 creatures vanquished.

Vanquished Creatures (collateral kills)
  Rupert (Lair:4)
  Gastronok (Lair:3)
  2 hydras
  A death yak (Lair:4)
  A cane toad (Lair:6)
  A komodo dragon (Lair:1)
  2 blink frogs
  2 water moccasins
11 creatures vanquished.

Vanquished Creatures (others)
  An orc wizard (D:6)
  An orc (Orc:2)
  A bush (Lair:2)
  61 fungi
  A lurking horror (Abyss:2)
  108 plants
  5 withered plants (D:10)
178 creatures vanquished.

Grand Total: 722 creatures vanquished

Notes
Turn   | Place    | Note
-------+----------+-------------------------------------------
     0 | D:1      | siradein the Hill Orc Fighter began the quest for the Orb.
     0 | D:1      | Reached XP level 1. HP: 19/19 MP: 1/1
   179 | D:1      | Reached XP level 2. HP: 25/27 MP: 2/2
   581 | D:1      | Reached XP level 3. HP: 33/33 MP: 3/3
  1788 | D:2      | Noticed Terence
  1814 | D:2      | Killed Terence
  1815 | D:2      | Reached XP level 4. HP: 32/40 MP: 4/4
  2447 | D:3      | Found a runed translucent gate.
  2448 | D:3      | Found a runed translucent gate.
  2449 | D:3      | Found a runed translucent gate.
  2451 | D:3      | Noticed a kobold brigand
  2452 | D:3      | Noticed jasper's ghost (amateur DsVM)
  2464 | D:3      | Found a faded altar of an unknown god.
  3101 | D:4      | Noticed Pikel
  3101 | D:4      | Noticed a lemure
  3101 | D:4      | Noticed a lemure
  3101 | D:4      | Noticed a lemure
  3101 | D:4      | Noticed a lemure
  3155 | D:3      | Killed Pikel
  3156 | D:3      | Reached skill level 5 in Fighting
  3156 | D:3      | Reached skill level 5 in Armour
  3156 | D:3      | Reached skill level 5 in Shields
  3156 | D:3      | Reached XP level 5. HP: 26/48 MP: 5/5
  3156 | D:3      | Reached XP level 6. HP: 31/56 MP: 6/6
  3156 | D:3      | Reached XP level 7. HP: 34/61 MP: 7/7
  3807 | D:4      | Found a staircase to the Ecumenical Temple.
  3888 | Temple   | Entered the Ecumenical Temple
  3895 | Temple   | Became a worshipper of Makhleb the Destroyer
  4058 | D:4      | Reached skill level 1 in Invocations
  4066 | D:4      | Reached XP level 8. HP: 69/70 MP: 8/8
  4088 | D:4      | Found Seuleam's General Store.
  4194 | D:5      | Entered Level 5 of the Dungeon
  4280 | D:5      | Reached skill level 1 in Evocations
  4357 | D:5      | Reached skill level 5 in Long Blades
  4357 | D:5      | Reached skill level 2 in Invocations
  5084 | D:5      | Reached skill level 3 in Invocations
  5353 | D:5      | Reached * piety under Makhleb
  5390 | D:5      | HP: 2/71 [acid (6)]
  5405 | D:5      | Reached XP level 9. HP: 5/78 MP: 11/11
  5721 | D:6      | Noticed a troll
  5740 | D:5      | HP: 5/117 [kobold brigand (5)]
  5743 | D:5      | HP: 1/78 [poisoned by a kobold brigand (curare-tipped
                  | dart)]
  6080 | D:5      | Killed a troll
  6376 | D:6      | Reached skill level 4 in Invocations
  6399 | D:6      | Identified the +5 ring mail of the Solstice {rC+}
  6399 | D:6      | Noticed Edmund
  6450 | D:5      | Killed Edmund
  7958 | D:7      | Noticed a two-headed ogre
  8012 | D:7      | Killed a two-headed ogre
  8013 | D:7      | Reached skill level 5 in Invocations
  8013 | D:7      | Reached XP level 10. HP: 41/86 MP: 12/14
  8859 | D:7      | Found Nadapnar's Overcharged Wands.
  9457 | D:8      | Reached skill level 5 in Throwing
 10006 | D:8      | Reached ** piety under Makhleb
 10359 | D:8      | Reached skill level 6 in Invocations
 11008 | D:9      | Found a runed translucent door.
 11008 | D:9      | Noticed Squid's ghost (novice MiBe)
 11055 | D:9      | Reached skill level 5 in Evocations
 11505 | D:9      | Found Fodeul's Weapon Boutique.
 11734 | D:3      | Reached *** piety under Makhleb
 11736 | D:3      | Killed jasper's ghost
 11739 | D:3      | Reached XP level 11. HP: 88/95 MP: 16/16
 11906 | D:10     | Entered Level 10 of the Dungeon
 12027 | D:10     | Noticed a two-headed ogre
 12064 | D:9      | Killed a two-headed ogre
 12065 | D:9      | Reached skill level 7 in Invocations
 12603 | D:10     | Noticed a two-headed ogre
 12911 | D:10     | Killed a two-headed ogre
 12981 | D:10     | Noticed a manticore
 12991 | D:10     | Killed a manticore
 12992 | D:10     | Reached skill level 8 in Invocations
 13185 | D:10     | Reached **** piety under Makhleb
 13345 | D:10     | Found an iron altar of Okawaru.
 13759 | D:11     | Noticed an eight-headed hydra
 13763 | D:11     | Noticed a two-headed ogre
 13969 | D:11     | Found a glowing golden altar of the Shining One.
 14005 | D:11     | Reached XP level 12. HP: 106/106 MP: 18/18
 14114 | D:11     | Killed a two-headed ogre
 14301 | D:11     | Found a staircase to the Orcish Mines.
 14454 | D:11     | Killed an eight-headed hydra
 14871 | D:11     | Found a staircase to the Lair.
 15084 | Lair:1   | Entered Level 1 of the Lair of Beasts
 15101 | Lair:1   | Noticed a five-headed hydra
 15116 | Lair:1   | Killed a five-headed hydra
 15123 | Lair:1   | Reached skill level 10 in Fighting
 15275 | Lair:1   | Noticed an ice dragon
 15307 | Lair:1   | Killed an ice dragon
 15418 | Lair:1   | Found the +4 moon troll leather armour {Spirit, Regen++
                  | MP+5}
 15428 | Lair:1   | Identified the ring "Tolec" {rF+ rN++ Dex+5 Stlth-}
 15433 | Lair:1   | Identified the +2 arbalest "Cymeuli" {flame, Drain rC+
                  | Int+4 Stlth+}
 15439 | Lair:1   | Got Secutyet's Volume of Black Arts
 15558 | Lair:1   | Reached skill level 9 in Invocations
 16988 | Lair:2   | Found a hole to the Spider Nest.
 17143 | Lair:2   | Found a staircase to the Shoals.
 17175 | Lair:2   | Reached XP level 13. HP: 114/114 MP: 20/20
 17502 | D:9      | Killed Squid's ghost
 17503 | D:9      | Reached skill level 10 in Armour
 17579 | D:9      | Got Dispater's Tome of the Rocks
 18011 | Lair:3   | Reached skill level 10 in Invocations
 18013 | Lair:3   | Reached skill level 10 in Shields
 18209 | Lair:3   | Noticed Gastronok
 18223 | Lair:3   | Killed Gastronok
 19151 | Lair:4   | Noticed Rupert
 19349 | Lair:4   | Reached skill level 10 in Long Blades
 19456 | Lair:4   | Reached skill level 11 in Invocations
 19576 | Lair:4   | Killed Rupert
 19767 | Lair:4   | Noticed Nergalle
 19783 | Lair:4   | Killed Nergalle
 19902 | Lair:4   | Reached XP level 14. HP: 111/124 MP: 22/22
 20313 | Lair:5   | Reached skill level 12 in Invocations
 20531 | Lair:5   | Found a staircase to the Slime Pits.
 20539 | Lair:5   | Paralysed by a floating eye for 3 turns
 20671 | Lair:5   | Found a runed translucent gate.
 20671 | Lair:5   | Found a runed translucent gate.
 20671 | Lair:5   | Found a runed translucent gate.
 20671 | Lair:5   | Noticed a quicksilver ooze
 20673 | Lair:5   | Noticed Ziry's ghost (journeyman DgIE)
 20676 | Lair:5   | Found a viscous altar of Jiyva.
 20947 | Lair:5   | Found a basalt altar of Yredelemnul.
 21586 | Lair:6   | Entered Level 6 of the Lair of Beasts
 22423 | Lair:6   | Noticed Sonja
 22424 | Lair:6   | Noticed Sonja
 22424 | Lair:6   | Sonja changed into Sonja the spriggan
 22430 | Lair:6   | Killed Sonja the spriggan
 22611 | Lair:6   | Identified the +2 spear of Watchfulness {freeze, rElec rC+
                  | Stlth+}
 22721 | Lair:6   | Reached ***** piety under Makhleb
 22774 | Lair:6   | Identified the +3 flail of Greatest Utility {vorpal, Str+2
                  | Int+2}
 22778 | Lair:6   | Identified the +3 battleaxe of False Accusations {venom,
                  | rPois Will+++ Str-2 Dex-4}
 22805 | Lair:6   | Noticed Kirke
 22819 | Lair:6   | Killed Kirke
 23217 | Orc:1    | Entered Level 1 of the Orcish Mines
 23510 | Orc:2    | Entered Level 2 of the Orcish Mines
 23518 | Orc:2    | Noticed Saint Roka
 23547 | Orc:1    | Reached skill level 13 in Invocations
 23783 | Orc:1    | Reached XP level 15. HP: 125/134 MP: 24/24
 23895 | Orc:1    | Killed Saint Roka
 24131 | Orc:2    | Found a staircase to the Elven Halls.
 24331 | Orc:2    | Found a roughly hewn altar of Beogh.
 24374 | Orc:2    | Found a roughly hewn altar of Beogh.
 24387 | Orc:2    | Found Plog's Jewellery Shoppe.
 24533 | Orc:2    | Found a roughly hewn altar of Beogh.
 24565 | Orc:2    | Found a roughly hewn altar of Beogh.
 24610 | Orc:2    | Found Ubas's Book Boutique.
 24719 | Orc:2    | Noticed Erolcha
 24722 | Orc:2    | Cast into level 2 of the Abyss (Erolcha)
 24724 | Abyss:2  | Found a corrupted altar of Lugonu.
 24983 | Abyss:2  | HP: 2/107 [spatial maelstrom (6)]
 24988 | Abyss:2  | HP: 1/107 [spatial maelstrom (1)]
 24988 | Abyss:2  | Mangled by a spatial maelstrom

Illustrated notes

Levels and vault maps discovered:
D:1:      lightli_arrival_quake, layout_loops_ring
D:2:      layout_loops_ring, uniq_terence
D:3:      layout_loops_ring, shapermc_ecumenical_altar_flowoftime,
          gammafunk_ghost_nasty_kobolds, corexii_leaking_fountain
D:4:      layout_rooms, minmay_temple_entry_junction_2, serial_shops,
          nicolae_lakefront_shop, uniq_pikel
D:5:      layout_rooms
D:6:      layout_rooms, cheibrodos_sewer_entry_sluice, minmay_manual_mail,
          uniq_edmund
D:7:      layout_basic, nicolae_shop_overcharged_wands
D:8:      layout_layer_cave, kennysheep_generic_room_16
D:9:      layout_cross, hellmonk_ghost_big_iron, serial_shops,
          kennysheep_little_box, grunt_decor_mini_mirrors
D:10:     cheibrodos_grave_circle, layout_basic, nicolae_overflow_crystal_walls
D:11:     layout_stronghold, lair_entry_dummy, orc_0_dummy,
          nicolae_tso_carved_into_rock
Temple:   dpeg_three_leaves_temple
Lair:1:   dragon1_lemuel, layout_small_grid
Lair:2:   layout_loops_ring, elwin_shoals_entry_rooms, spider_nest_entry_rubble,
          beast_lair_carwin_10
Lair:3:   layout_regular_city, eino_small_chamber_without_monster,
          minmay_lair_oklob_items, lemuel_fruit_tree, serial_bayou_shore_b,
          grunt_megastairs_2, uniq_gastronok
Lair:4:   layout_roguey, wad_woods_road_02, uniq_rupert, uniq_nergalle
Lair:5:   minmay_lair_oklob_tunnel, layout_gridlike, minmay_slime_entry_eyes,
          basic_altar, gammafunk_ghost_ooze, serial_bayou_shore_b
Lair:6:   minmay_lair_end_frog_pond, layout_regular_city, uniq_sonja, uniq_kirke
Orc:1:    nicolae_orc_accident_3, layout_caves
Orc:2:    grunt_orc_community_town_hall, layout_caves,
          grunt_orc_community_big_house_2, grunt_orc_community_big_house_2,
          grunt_orc_community_house_1, grunt_orc_community_house_3,
          grunt_orc_community_house_3, grunt_orc_community_house_3,
          grunt_orc_community_house_1, basic_altar, uniq_erolcha,
          uniq_saint_roka
Abyss:2:  base:
Lair:2

Skill      XL: |  1  2  3  4  5  6  7  8  9 10 11 12 13 14 15 |
---------------+----------------------------------------------+-----
Fighting       | 4 5 6 7 8 9 10 11 12 | 12.9
Long Blades    | 4 5 6 7 8 9 10 11 | 11.6
Shields        | 5 6 7 8 9 10 11 | 11.9
Armour         | 5 6 7 8 9 10 11 12 | 12.0
Throwing       | 2 3 4 5 6 7 8 9 |  9.4
Invocations    | 1 3 5 6 8 9 11 13 | 13.4
Evocations     | 2 4 5 6 7 8 9 |  9.8

Action                   |  1- 3 |  4- 6 |  7- 9 | 10-12 | 13-15 || total
-------------------------+-------+-------+-------+-------+-------++-------
Melee: Long sword        |   147 |    36 |   340 |    18 |       ||   541
       Dagger            |     6 |     9 |    30 |     4 |       ||    49
       Scimitar          |       |       |       |   532 |  1001 ||  1533
Throw: Stone             |     2 |     3 |     5 |    41 |     6 ||    57
       Dart              |       |       |    24 |    35 |    18 ||    77
Invok: Minor Destruction |       |       |       |    17 |    15 ||    32
       Lesser Servant of |       |       |       |    10 |    15 ||    25
       Major Destruction |       |       |       |       |     3 ||     3
Evoke: Phantom mirror    |       |       |       |       |     1 ||     1
       Wand              |       |       |       |       |     1 ||     1
  Use: Scroll            |       |       |     2 |     7 |     7 ||    16
       Potion            |       |       |     2 |       |       ||     2
 Stab: Distracted        |       |       |       |       |     3 ||     3
Armor: Scale mail        |    43 |       |       |       |       ||    43
       Chain mail        |    36 |    25 |    76 |       |       ||   137
       Plate armour      |       |       |   156 |       |       ||   156
       Ring mail         |       |       |    50 |   330 |       ||   380
       Troll leather arm |       |       |       |    82 |   488 ||   570
Dodge: Dodged            |    67 |    13 |   160 |   368 |   446 ||  1054
       Repelled          |       |       |       |     3 |     6 ||     9
Block: Buckler           |    37 |     3 |    97 |   234 |    74 ||   445
       Kite shield       |       |       |       |       |   460 ||   460

Table legend: (Time is in decaauts)
 A = Elapsed time spent in this place.
 B = Non-inter-level travel time spent in this place.
 C = Inter-level travel time spent in this place.
 D = Time resting spent in this place.
 E = Time spent auto-exploring this place.
 F = Levels seen in this place.
 G = Mean time per level.
                   A        B        C        D        E       F      G
               +--------+--------+--------+--------+--------+-----+--------+
         Total |  25115 |  23724 |   1391 |   2268 |  15406 |  21 | 1196.0 |
       Dungeon |  16004 |  14940 |   1064 |   1953 |   9612 |  11 | 1454.9 |
        Temple |     12 |     12 |      0 |      0 |      0 |   1 |   12.0 |
          Lair |   7345 |   7019 |    326 |    279 |   4887 |   6 | 1224.2 |
  Orcish Mines |   1487 |   1487 |      0 |     13 |    906 |   2 |  743.5 |
         Abyss |    264 |    264 |      0 |     22 |      0 |   1 |  264.0 |
               +--------+--------+--------+--------+--------+-----+--------+

Top non-repeatable levels by time:
     D:5: 2708 daAuts
  Lair:5: 1800 daAuts
    D:11: 1718 daAuts
     D:9: 1580 daAuts
     D:8: 1538 daAuts
     D:3: 1499 daAuts
    D:10: 1433 daAuts
     D:7: 1292 daAuts
  Lair:4: 1284 daAuts
     D:6: 1236 daAuts
  Lair:1: 1209 daAuts
     D:2: 1106 daAuts
     D:1: 1104 daAuts
  Lair:2: 1040 daAuts
  Lair:6: 1028 daAuts
